 Dungeon Crawl Stone Soup version 0.31.0-11-ge490571c62 (webtiles) character file.

Game seed: 9747865282885196574

2 Daunt the Sneak (level 1, -1/18 HPs)
             Began as a Human Delver on Jan 27, 2024.
             Was an Initiate of Hepliaklqana.
             Slain by an iguana (9 damage)
             ... on level 4 of the Dungeon.
             The game lasted 00:02:46 (137 turns).

Daunt the Sneak (Human Delver)                       Turns: 137, Time: 00:02:47

Health: -1/18      AC:  3    Str: 12    XL:     1   Next: 40%
Magic:  1/1        EV: 12    Int: 10    God:    Hepliaklqana [......]
Gold:   30         SH:  0    Dex: 14    Spells: 0/0 levels left

rFire   . . .        a - +0 falchion
rCold   . . .        (no shield)
rNeg    . . .        b - +0 leather armour
rPois   .            (no helmet)
rElec   .            (no cloak)
rCorr   .            (no gloves)
SInv    .            (no boots)
Will    .....        (no amulet)
Stlth   +++          (no ring)
HPRegen 0.23/turn    (no ring)
MPRegen 0.07/turn

%: no passive effects
@: hasted, very quick
A: explore regen
a: Renounce Religion


You were on level 4 of the Dungeon.
You worshipped Hepliaklqana.
Hepliaklqana was noncommittal.
You visited 2 branches of the dungeon, and saw 3 of its levels.

You collected 30 gold pieces.

Inventory:

Hand Weapons
 a - a +0 falchion (weapon)
Missiles
 h - 5 stones (quivered)
Armour
 b - a +0 leather armour (worn)
Wands
 g - a wand of digging (3)
Scrolls
 c - a scroll of fog
 e - a scroll of fear
Potions
 d - a potion of attraction {unknown}


   Skills:
 - Level 3.0 Fighting
 + Level 2.0 Long Blades
 - Level 2.0 Dodging
 - Level 5.0 Stealth


You couldn't memorise any spells.
You didn't know any spells.
Your spell library contained the following spells:

 Spells                   Type           Power      Damage    Failure   Level
 Apportation              Tloc           0%         N/A       43%         1
 Necrotise                Necr           0%         1d4       43%         1
 Sting                    Conj/Alch      0%         1d3       43%         1
 Summon Small Mammal      Summ           0%         N/A       43%         1


Dungeon Overview and Level Annotations

Branches:
Dungeon (5/15)             Temple (1/1) D:5

Altars:
Dithmenos
Elyvilon
Hepliaklqana
Kikubaaqudgha
Nemelex Xobeh
Ru
Sif Muna
Trog
Uskayaw
Vehumet
Wu Jian
Xom
The Shining One


Innate Abilities, Weirdness & Mutations

You regain HP and MP as you explore.


Message History

Okay, then.
Unknown command.
An orc comes into view. It is wielding a +0 mace.
An orc is nearby!
You open the door.
Found 5 stones.
There is an open door here.
h - 5 stones An iguana comes into view.
The iguana hisses angrily.
You hear an angry hiss.
An iguana is nearby!
You feel yourself speed up.
The iguana bites you but does no damage.
You barely miss the iguana. The iguana bites you!
Ouch! That really hurt!
You hit the iguana.
The iguana is moderately wounded.
The iguana hisses menacingly.
The iguana bites you but does no damage.
You barely miss the iguana.
The iguana is moderately wounded.
The iguana closely misses you.
You barely miss the iguana.
The iguana is moderately wounded.
You completely miss the iguana.
The iguana is moderately wounded.
An iguana comes into view.
The iguana closely misses you.
You barely miss the iguana.
The iguana is moderately wounded.
The iguana closely misses you.
You hit the iguana.
The iguana is heavily wounded.
The iguana barely misses you.
You hit the iguana but do no damage.
The iguana is heavily wounded.
The iguana hisses menacingly.
The iguana attacks as it pursues you! The iguana bites you!
Ouch! That really hurt!
You die...

##########...#..#.
.......###......#
..............#.#
..............#.#
....(.........#.
###.....##....#.##
#.....##....##.##
.......#.....'...## #
#.......#.....#.@l.#.#
+g......#.....#....l.#
###....##....######.#
#.)..# .. ###### .# #


You could see 2 iguanas.

Vanquished Creatures
  A giant cockroach (D:4)
  A quokka (D:5)
2 creatures vanquished.

Notes
Turn   | Place    | Note
-------+----------+-------------------------------------------
     0 | D:5      | Daunt the Human Delver began the quest for the Orb.
     0 | D:5      | Reached XP level 1. HP: 18/18 MP: 1/1
    44 | D:5      | Found a staircase to the Ecumenical Temple.
    54 | Temple   | Entered the Ecumenical Temple
    64 | Temple   | Became a worshipper of Hepliaklqana the Forgotten
   126 | D:4      | Noticed an iguana
   132 | D:4      | Noticed an iguana
   137 | D:4      | Slain by an iguana

Illustrated notes

Levels and vault maps discovered:
D:4:      layout_gridville, minmay_overflow_temple_star_hex, minmay_cut_off
D:5:      layout_cave_pools, overflow_temple_1_default,
          mainiacjoe_overflow_small_starburst, minmay_temple_entry_grid,
          nicolae_titane
Temple:   nicolae_temple_x_marks_the_god

Action                     || total
---------------------------++-------
  Melee: Falchion          ||    15
    Use: Scroll            ||     1
         Potion            ||     1
   Stab: Sleeping          ||     2
 Armour: Leather armour    ||     4
  Dodge: Dodged            ||    11
